 Dungeon Sprint DCSS version 0.20.1-1-g8b1a95d (webtiles) character file.

641 JustSomeDude the Unseen (level 7, 0/55 HPs)
             Began as a Vampire Assassin on Aug 26, 2017.
             Was an Initiate of Dithmenos.
             Succumbed to Sonja's poison
             ... in the Dungeon (Sprint I: "Red Sonja").
             The game lasted 00:01:38 (137 turns).

JustSomeDude the Unseen (Vampire Assassin)           Turns: 137, Time: 00:01:39

Health: 0/55       AC:  3    Str: 10    XL:     7   Next: 26%
Magic:  7/7        EV: 13    Int: 14    God:    Dithmenos [......]
Gold:   172        SH:  0    Dex: 17    Spells: 6/6 levels left

rFire    . . .     SeeInvis +   a - +2 dagger
rCold    . . .     Gourm    .   (no shield)
rNeg     + . .     Faith    .   c - +0 robe
rPois    .         Spirit   .   (no helmet)
rElec    .         Reflect  .   d - +0 cloak
rCorr    .         Harm     .   (no gloves)
MR       .....     NoTele   +   (no boots)
Stlth    +++++++...             (no amulet)
Regen    0.2/turn               (no ring)
MPRegen  0.1/turn               (no ring)

@: lethally poisoned (0 -> -89), slowed, very slow
A: fangs 3, see invisible, unbreathing
a: Bat Form, Renounce Religion


You were in the Dungeon.
You worshipped Dithmenos.
Dithmenos was noncommittal.
You were not thirsty.

You visited 1 branch You collected 172 gold pieces.

Inventory:

Hand Weapons
 a - a +2 dagger (weapon)
 b - a +0 blowgun
Missiles
 e - 5 poisoned needles
Armour
 c - a +0 robe (worn)
 d - a +0 cloak (worn)
Wands
 n - a wand of polymorph (19/24)
Scrolls
 m - a scroll of blinking
 o - a scroll of remove curse {unknown}
Potions
 g - a potion of blood
 i - a potion of heal wounds
 j - a potion of haste
 k - 2 potions of magic
 l - a potion of berserk rage


   Skills:
 + Level 4.6 Fighting
 + Level 6.2 Short Blades
 + Level 3.7 Throwing
 + Level 2.1 Dodging
 + Level 19.3 Stealth


You had 6 spell levels left.
You didn't know any spells.

Dungeon Overview and Level Annotations

Branches:
Dungeon (1/1)

Altars:
Cheibriados
Dithmenos
Elyvilon
Fedhas
Gozag
Hepliaklqana
Kikubaaqudgha
Makhleb
Nemelex Xobeh
Okawaru
Qazlal
Ru
Sif Muna
Trog
Uskayaw
Vehumet
Xom
Yredelemnul
Zin
The Shining One
Jiyva
Lugonu

Shops:
D %

Annotations:
D Sonja


Innate Abilities, Weirdness & Mutations

You have razor-sharp teeth.
You have supernaturally acute eyesight. (SInv)
You can survive without breathing.


Message History

You feel very sick.
Sonja hits you with an uncursed dagger of venom.
* * * LOW HITPOINT WARNING * * *
You are more poisoned.
Sonja barely misses you.
Sonja hits you with an uncursed dagger of venom.
* * * LOW HITPOINT WARNING * * *
You hit Sonja.
Sonja is lightly wounded.
* * * LOW HITPOINT WARNING * * *
You feel very sick. Sonja barely misses you.
Sonja hits you with an uncursed dagger of venom.
* * * LOW HITPOINT WARNING * * *
You are more poisoned.
Sonja hits you but does no damage.
You are more poisoned.
You miss Sonja.
Sonja is lightly wounded.
You die...

#..#####'#####'#__#
#..####..# #%####
#..#__#### ##.#
#..#_____##+#(.+
#⌠⌠#_.∩...'.(._#
####_..__##_.#'#
#_____###(#.#
#########K###


+$@$+ #$.$# ##(## #+# You could see Sonja.

Vanquished Creatures
  A slime creature (D)
  Sigmund (D)
  A yak (D)
  An ogre (D)
  A jelly (D)
  Ijyb (D)
6 creatures vanquished.

Notes
Turn   | Place    | Note
-------+----------+-------------------------------------------
     0 | D        | JustSomeDude the Vampire Assassin began the quest for the Orb.
     0 | D        | Reached XP level 1. HP: 16/16 MP: 1/1
     1 | D        | Noticed Ijyb
     7 | D        | Killed Ijyb
     7 | D        | Reached skill level 9 in Stealth
     7 | D        | Reached XP level 2. HP: 20/23 MP: 2/2
    42 | D        | Noticed an ogre
    45 | D        | Killed an ogre
    45 | D        | Reached skill level 12 in Stealth
    45 | D        | Reached XP level 3. HP: 28/28 MP: 3/3
    45 | D        | Reached XP level 4. HP: 34/34 MP: 4/4
    54 | D        | Noticed Sigmund
    57 | D        | Killed Sigmund
    57 | D        | Reached skill level 5 in Short Blades
    57 | D        | Reached skill level 15 in Stealth
    57 | D        | Reached XP level 5. HP: 42/42 MP: 5/5
    70 | D        | Found a deep blue altar of Sif Muna.
    72 | D        | Found a radiant altar of Vehumet.
    76 | D        | Reached skill level 16 in Stealth
    76 | D        | Reached XP level 6. HP: 48/48 MP: 6/6
    78 | D        | Found Yban's Food Emporium.
    78 | D        | Found an ancient bone altar of Kikubaaqudgha.
    78 | D        | Found a hazy altar of Hepliaklqana.
    78 | D        | Found a stormy altar of Qazlal.
    78 | D        | Found a hide-covered altar of Uskayaw.
    78 | D        | Found a blossoming altar of Fedhas.
    78 | D        | Found a bloodstained altar of Trog.
    78 | D        | Found an iron altar of Okawaru.
    78 | D        | Found a basalt altar of Yredelemnul.
    78 | D        | Found a glowing golden altar of the Shining One.
    78 | D        | Found a snail-covered altar of Cheibriados.
    78 | D        | Found a sacrificial altar of Ru.
    78 | D        | Found a glowing silver altar of Zin.
    78 | D        | Found a shadowy altar of Dithmenos.
    78 | D        | Found a white marble altar of Elyvilon.
    78 | D        | Noticed a yak
    79 | D        | Found an opulent altar of Gozag.
    80 | D        | Killed a yak
    80 | D        | Reached skill level 18 in Stealth
    81 | D        | Found a sparkling altar of Nemelex Xobeh.
    87 | D        | Became a worshipper of Dithmenos the Shadowed
   103 | D        | Found a burning altar of Makhleb.
   103 | D        | Found a viscous altar of Jiyva.
   103 | D        | Found a shimmering altar of Xom.
   103 | D        | Found a corrupted altar of Lugonu.
   103 | D        | Noticed a slime creature
   106 | D        | Killed a slime creature
   106 | D        | Reached skill level 19 in Stealth
   106 | D        | Reached XP level 7. HP: 55/55 MP: 7/7
   122 | D        | Noticed Sonja
   137 | D        | Succumbed to Sonja's poison

Skill      XL: |  1  2  3  4  5  6 |
---------------+-------------------+-----
Fighting       | 2 3 4 |  4.6
Stealth        | 9 12 15 16 19 | 19.3
Short Blades   | 4 5 6 |  6.2
Throwing       | 2 3 |  3.7
Dodging        | 2 |  2.1

Action                   |  1- 3 |  4- 6 |  7- 9 || total
-------------------------+-------+-------+-------++-------
Melee: Dagger            |     5 |     4 |     3 ||    12
 Fire: Blowgun           |       |       |     5 ||     5
  Use: Potion            |       |       |     2 ||     2
 Stab: Sleeping          |     2 |     4 |       ||     6
Armor: Robe              |       |       |     1 ||     1
Dodge: Dodged            |     1 |       |    13 ||    14
